 Dungeon Crawl Stone Soup version 0.21-a0-55-gb612c23 (webtiles) character file.

370888 KristoblXynda the Tortoise (level 22, -6/140 HPs)
             Began as a Gargoyle Gladiator on June 14, 2017.
             Was the Champion of Qazlal.
             Mangled by a yaktaur captain
             ... wielding the +7 short sword of the Common Good {pierce, rPois Int+4 SInv Stlth+}
              (7 damage)
             ... on level 5 of the Vaults.
             The game lasted 02:38:43 (40385 turns).

KristoblXynda the Tortoise (Gargoyle Gladiator)    Turns: 40385, Time: 02:38:45

Health: -6/140     AC: 52    Str: 25    XL:     22   Next: 66%
Magic:  0/40       EV: 14    Int: 15    God:    Qazlal [******]
Gold:   3543       SH: 24    Dex: 14    Spells: 40/42 levels left

rFire    + + .     SeeInvis .   y - +7 eveningstar (freeze)
rCold    + . .     Gourm    .   S - +2 shield {reflect}
rNeg     + . .     Faith    .   c - +4 plate armour {rF+}
rPois    ∞         Spirit   +   n - +0 hat
rElec    +         Reflect  +   m - +0 cloak
rCorr    .         Harm     .   k - +2 pair of gloves
MR       +....                  C - +0 pair of boots
Stlth    ..........             l - amulet of guardian spirit
HPRegen  0.33/turn              K - ring of protection from cold
MPRegen  0.27/turn              t - ring of protection from fire

@: protected from physical damage, flying, repel missiles
A: antennae 1, big wings, slimy green scales 1, agile 1, blink, clever 1, high
mp 1, negative energy resistance 1, electricity resistance, strong 1,
unbreathing, evolution 1, petrification resistance, rot immunity, AC +16
}: 2/15 runes: decaying, serpentine
a: Stop Flying, Blink, Upheaval, Elemental Force, Disaster Area, Renounce
Religion


You were on level 5 of the Vaults.
You worshipped Qazlal.
Qazlal was exalted by your worship.
You were not hungry.

You visited 8 branches of the dungeon, and saw 38 of its levels.
You also visited: Sewer.

You collected 4738 gold pieces.
You spent 1195 gold pieces at shops.

Inventory:

Hand Weapons
 y - a +7 eveningstar of freezing (weapon)
Missiles
 d - 5 throwing nets (quivered)
Armour
 c - a +4 plate armour of fire resistance (worn)
 k - a +2 pair of gloves (worn)
 m - a +0 cloak (worn)
 n - a +0 hat (worn)
 C - a +0 pair of boots (worn)
 S - a +2 shield of reflection (worn)
 Z - +1 gold dragon scales
Jewellery
 l - an amulet of guardian spirit (around neck)
 t - a ring of protection from fire (right hand)
 K - a ring of protection from cold (left hand)
 W - a +3 ring of dexterity {unknown}
Wands
 b - a wand of clouds (3/9)
 E - a wand of disintegration (4/24)
 I - a wand of digging (17/24)
 N - a wand of acid (3/15)
 R - a wand of scattershot (0/9)
Scrolls
 g - 4 scrolls of identify
 i - 20 scrolls of remove curse
 j - a scroll of fear
 r - a scroll of amnesia
 s - 2 scrolls of immolation
 w - 2 scrolls of fog
 z - 7 scrolls of teleportation
 F - 4 scrolls of magic mapping
 O - a scroll of summoning
 T - a scroll of recharging
Potions
 a - 6 potions of brilliance
 e - 2 potions of invisibility
 h - 5 potions of haste
 o - 5 potions of agility
 p - 10 potions of curing
 q - 8 potions of lignification
 v - 2 potions of berserk rage
 A - 3 potions of mutation
 B - 3 potions of resistance
 G - 3 potions of ambrosia
 L - a potion of heal wounds
 P - a potion of might
 V - a potion of magic
Books
 X - a book of Transfigurations

   Spells                             Type                      Level
   a - Irradiate                      Conjuration/Transmutation    5
   b - Statue Form                    Transmutation/Earth          6
   c - Hydra Form                     Transmutation                6
   d - Dragon Form                    Transmutation                7
Miscellaneous
 x - a lamp of fire
 H - a sack of spiders
 J - a lightning rod (4/4)
 M - a fan of gales
 U - a crystal ball of energy
Comestibles
 f - 24 royal jellies
 u - 9 bread rations
 D - 3 meat rations
 Y - a chunk of flesh


   Skills:
 - Level 15.0 Fighting
 - Level 16.0 Maces & Flails
 - Level 1.7 Throwing
 + Level 19.4 Armour
 - Level 11.4 Dodging
 - Level 15.1 Shields
 + Level 10.5 Spellcasting
 + Level 2.6 Charms
 + Level 2.2 Air Magic
 - Level 15.0 Invocations
 - Level 11.5 Evocations


You had 40 spell levels left.
You knew the following spells:

 Your Spells              Type           Power        Failure   Level  Hunger
a - Swiftness             Chrm/Air       ###.....     26%         2    None


Dungeon Overview and Level Annotations

Branches:
Dungeon (15/15)            Temple (1/1) D:4            Lair (6/6) D:10
  Swamp (4/4) Lair:4        Snake (4/4) Lair:4        Slime (0/5) Lair:6
    Orc (2/2) D:12            Elf (0/3) Orc:2        Vaults (5/5) D:13
  Crypt (0/3) Vaults:3     Depths (1/5) D:15

Altars:
Ashenzari
Cheibriados
Dithmenos
Elyvilon
Fedhas
Gozag
Hepliaklqana
Kikubaaqudgha
Makhleb
Nemelex Xobeh
Okawaru
Qazlal
Ru
Sif Muna
Trog
Uskayaw
Vehumet
Wu Jian
Xom
Yredelemnul
Zin
The Shining One
Beogh
Jiyva

Shops:
D:4 }%   D:11 !   Orc:2 *?(?*   Snake:1 =}=   Snake:4 }*?:   Vaults:1 =
Vaults:2 :   Vaults:3 *   Vaults:4 %

Annotations:
D:2 Grinder
Lair:1 exclusion: 2 oklob plants
Swamp:4 exclusion: Roxanne, Roxanne
Vaults:5 Mara


Innate Abilities, Weirdness & Mutations

You are resistant to torment.
Your stone body is resilient. (AC +16)
You are immune to poison.
Your large and strong wings let you fly indefinitely.
You resist negative energy. (rN+)
You are resistant to electric shocks. (rElec)
You can survive without breathing.
You are immune to petrification.
You are immune to rotting.
You have a pair of small antennae on your head.
You are partially covered in slimy green scales. (AC +2)
You are agile. (Dex +2)
You can translocate small distances at will.
Your mind is acute. (Int +2)
You have an increased reservoir of magic. (+10% MP)
Your muscles are strong. (Str +2)
You evolve.


Message History

Items here: )))))))) [[[[[ ÷ †††††
Okay, then.
You bludgeon the yaktaur captain!! You freeze the yaktaur captain.
The yaktaur captain is moderately wounded.
You barely miss the yaktaur captain.
The yaktaur captain is moderately wounded.
The yaktaur captain hits you with a translucent short sword {pierce}!
* * * LOW HITPOINT WARNING * * *
You feel more protected from physical attacks.
* * * LOW HITPOINT WARNING * * *
You impale the yaktaur captain!! You freeze the yaktaur captain.
The yaktaur captain is severely wounded.
You hear a deafening roar!
The tengu reaver gestures at you while chanting.
The bolt of magma hits you! You partially resist.
* * * LOW HITPOINT WARNING * * *
You block the ogre's attack.
The yaktaur captain hits you with a translucent short sword {pierce}!!
* * * LOW HITPOINT WARNING * * *
You die...

(..#.......#
#..#..###..# #
#..#..# #..####.#
#..#..# #.......#
#.....# #.......#
{{#..)[.# #.(######
#####)### #.......#
#:..[([#{ #...§†§§#
#)..[[)#..######@§#
#)).[)[#......pQcO#
#|.))..#.......§..#
#...?..#..#..######
######## #.


{{{{{ # You could see a tengu reaver, a yaktaur captain, an ironbrand convoker
and an ogre.

Vanquished Creatures
  the Lernaean hydra (Swamp:4)
  Frederick (Vaults:3)
  Saint Roka (Orc:2)
  A golden dragon (Vaults:5)
  A tentacled monstrosity (Vaults:5)
  Rupert (Orc:2)
  2 quicksilver dragons (Vaults:4)
  2 titans (Vaults:5)
  Frances (D:12)
  2 sphinxes
  2 tengu reavers (Vaults:5)
  A shadow dragon (Vaults:5)
  Kirke (Snake:1)
  4 thorn hunters
  Donald (Swamp:3)
  11 nagarajas
  A fire giant (Vaults:3)
  Aizul (Swamp:3)
  4 frost giants
  Louise (D:15)
  12 vault wardens
  17 ironheart preservers
  2 deep elf elementalists (Vaults:5)
  3 very ugly things (Vaults:3)
  3 war gargoyles (Vaults:5)
  11 stone giants
  Nessos (D:15)
  6 entropy weavers
  Snorg (Orc:1)
  6 ettins
  2 fire dragons (D:15)
  A deep elf high priest (Vaults:5)
  Josephine (D:10)
  4 great orbs of eyes
  11 yaktaur captains
  A catoblepas (D:14)
  An ice dragon (Vaults:3)
  11 naga warriors
  32 vault guards
  23 hydras
  A merfolk avatar (Lair:6)
  Erica (Orc:1)
  A ghost crab (Swamp:2)
  2 dancing weapons (D:13)
  7 anacondas
  8 alligators
  3 tengu warriors
  8 centaur warriors
  A vampire mage (Vaults:3)
  35 two-headed ogres
  9 ogre magi
  3 orc high priests (Orc:2)
  7 naga sharpshooters
  4 death yaks (Lair:4)
  6 shock serpents
  Urug (D:15)
  2 deep elf knights (Vaults:2)
  5 salamander mystics (Snake:4)
  3 shadow wraiths
  4 unseen horrors
  A hell knight (Vaults:5)
  A sea snake (Lair:6)
  19 deep trolls
  A shambling mangrove (Swamp:3)
  2 glowing orange brains
  5 wizards
  12 swamp dragons
  5 naga ritualists
  2 deep elf archers
  A necromancer (D:15)
  22 orc knights
  A harpy (shapeshifter) (Vaults:4)
  4 phantasmal warriors
  10 ironbrand convokers
  6 harpies
  Pikel (D:7)
  9 deep elf magi
  A salamander (shapeshifter) (D:14)
  6 orc sorcerers
  6 mana vipers
  4 wolf spiders
  12 salamanders
  A manticore (D:15)
  39 ugly things
  6 cyclopes
  Joseph (D:9)
  11 elephants
  24 black mambas
  8 guardian serpents
  8 vault sentinels
  2 gargoyles
  Maurice (D:8)
  15 spiny frogs
  21 naga magi
  A spiny frog (shapeshifter) (Vaults:4)
  31 yaktaurs
  A torpor snail (Lair:6)
  4 centaur skeletons
  7 freezing wraiths
  An efreet (D:13)
  12 komodo dragons
  4 kobold demonologists
  4 rime drakes
  A tengu conjurer (D:12)
  A harpy zombie (D:15)
  A queen bee (D:12)
  3 meliai (D:12)
  A wind drake (Lair:6)
  7 polar bears
  5 trolls
  15 hornets
  A wolf spider simulacrum (Vaults:1)
  15 bog bodies
  A hornet (shapeshifter) (Vaults:4)
  23 blink frogs
  11 dream sheep
  35 slime creatures
  6 tyrant leeches
  A hippogriff (shapeshifter) (Vaults:1)
  8 hippogriffs
  Sigmund (D:5)
  8 redbacks
  A tarantella (Vaults:4)
  3 spriggans (Swamp:3)
  5 wraiths
  18 yaks
  A human (D:7)
  Grum (D:8)
  9 hogs
  2 wyverns
  2 shadows
  A golden eye (Lair:6)
  A steam dragon (D:10)
  6 basilisks
  2 hungry ghosts
  A yaktaur simulacrum (Vaults:2)
  21 swamp worms
  Menkaure (D:4)
  8 wargs
  24 vampire mosquitoes
  9 insubstantial wisps (Swamp:1)
  A soldier ant (shapeshifter) (Depths:1)
  A swamp worm (shapeshifter) (Vaults:5)
  A soldier ant (D:12)
  3 acid dragons
  67 nagas
  18 water moccasins
  11 porcupines
  A slave (D:7)
  An ice beast (shapeshifter) (Vaults:1)
  11 swamp drakes
  Purgy (Sewer)
  A black bear (D:11)
  50 orc warriors
  A hornet zombie (D:8)
  3 phantoms
  3 eyes of draining
  13 centaurs
  9 boggarts (Vaults:2)
  A wolf (shapeshifter) (Vaults:5)
  15 wolves
  12 crocodiles
  56 ogres
  9 big kobolds
  20 bullfrogs
  A wyvern skeleton (D:10)
  5 scorpions
  A water moccasin skeleton (D:9)
  29 killer bees
  3 wights (D:14)
  4 howler monkeys
  An electric eel (D:15)
  3 bullfrog zombies
  2 lava snakes (Lair:3)
  8 crimson imps
  A human simulacrum (Vaults:3)
  A quasit (D:9)
  6 hounds
  4 jellies
  2 centaur zombies
  22 orc wizards
  A gnoll shaman (D:7)
  22 orc priests
  A wyvern simulacrum (D:14)
  4 bullfrog skeletons
  5 iguanas
  12 worker ants
  A killer bee zombie (D:7)
  A worker ant zombie (D:11)
  A howler monkey zombie (D:5)
  10 adders
  4 gnolls (D:7)
  3 shadow imps
  2 oozes
  An adder skeleton (D:6)
  4 worms
  2 dart slugs
  7 leopard geckos
  114 orcs
  6 giant cockroaches
  8 goblins
  4 hobgoblins
  12 jackals
  7 quokkas
  9 bats
  22 kobolds
  13 rats
  3 briar patches
  2 fungi
1576 creatures vanquished.

Vanquished Creatures (collateral kills)
  2 slime creatures (D:12)
2 creatures vanquished.

Vanquished Creatures (others)
  Vashnia (Snake:4)
  A stone giant (Vaults:5)
  3 yaktaur captains
  An alligator (Swamp:3)
  4 naga sharpshooters
  A naga ritualist (Snake:4)
  A deep elf mage (D:15)
  An ugly thing (D:15)
  An orc sorcerer (Vaults:2)
  A cyclops (Vaults:1)
  A wolf spider (Vaults:5)
  2 naga magi
  13 yaktaurs
  A tyrant leech (Swamp:2)
  A blink frog (Swamp:3)
  2 vampire mosquitoes (Swamp:1)
  2 nagas (Snake:4)
  An ice beast (D:15)
  An orc warrior (Orc:2)
  A slave (D:7)
  A boggart (Vaults:2)
  A wyvern skeleton (D:15)
  3 worker ants
  An adder skeleton (D:7)
  3 orcs
  8 briar patches
  A bush (D:10)
  7 fungi
  39 plants
  5 toadstools (Swamp:2)
109 creatures vanquished.

Grand Total: 1687 creatures vanquished

Notes
Turn   | Place    | Note
-------+----------+-------------------------------------------
     0 | D:1      | KristoblXynda the Gargoyle Gladiator began the quest for the Orb.
     0 | D:1      | Reached XP level 1. HP: 12/12 MP: 1/1
   178 | D:1      | Reached XP level 2. HP: 17/17 MP: 2/2
   780 | D:2      | Reached skill level 1 in Armour
   869 | D:2      | Reached XP level 3. HP: 17/21 MP: 3/3
  1020 | D:2      | Reached XP level 4. HP: 17/26 MP: 4/4
  1159 | D:2      | Reached skill level 2 in Armour
  1288 | D:3      | Noticed Grinder
  1304 | D:3      | Paralysed by Grinder for 7 turns
  1316 | D:2      | Paralysed by Grinder for 4 turns
  1845 | D:3      | Reached XP level 5. HP: 27/30 MP: 5/5
  1873 | D:3      | Reached skill level 1 in Shields
  2007 | D:3      | Found a blossoming altar of Fedhas.
  2070 | D:3      | Reached skill level 3 in Armour
  2521 | D:4      | Found Sanaw's Gadget Shoppe.
  2540 | D:4      | Reached XP level 6. HP: 28/35 MP: 4/6
  2608 | D:4      | Noticed Menkaure
  2621 | D:4      | Killed Menkaure
  2707 | D:4      | Reached skill level 4 in Armour
  3140 | D:4      | Found a staircase to the Ecumenical Temple.
  3149 | Temple   | Entered the Ecumenical Temple
  3336 | Temple   | Became a worshipper of Qazlal Stormbringer
  3461 | D:4      | Reached skill level 5 in Maces & Flails
  3530 | D:4      | Reached XP level 7. HP: 28/40 MP: 5/7
  3563 | D:4      | Found Kuiji's Food Shoppe.
  3648 | D:4      | Found a deep blue altar of Sif Muna.
  3826 | D:5      | Entered Level 5 of the Dungeon
  4036 | D:5      | Reached skill level 1 in Invocations
  4094 | D:5      | Noticed Sigmund
  4120 | D:5      | Killed Sigmund
  4120 | D:5      | Reached skill level 5 in Armour
  4143 | D:5      | Reached XP level 8. HP: 17/44 MP: 4/9
  4415 | D:5      | Reached * piety under Qazlal
  4418 | D:5      | Found a glowing drain.
  4422 | Sewer    | Entered a sewer
  4455 | Sewer    | Noticed Purgy
  4472 | Sewer    | Killed Purgy
  5035 | D:6      | Reached skill level 6 in Armour
  5621 | D:7      | Noticed Pikel
  5644 | D:7      | Killed Pikel
  5644 | D:7      | Reached skill level 7 in Armour
  5644 | D:7      | Reached skill level 5 in Invocations
  5644 | D:7      | Reached XP level 9. HP: 42/48 MP: 10/13
  5718 | D:7      | Noticed a two-headed ogre
  5730 | D:7      | Killed a two-headed ogre
  5730 | D:7      | Reached ** piety under Qazlal
  5976 | D:7      | Reached skill level 8 in Armour
  6017 | D:7      | Noticed a hornet
  6049 | D:7      | Killed a hornet
  6064 | D:7      | Reached XP level 10. HP: 48/53 MP: 12/15
  6243 | D:7      | Paralysed by an orc for 6 turns
  6676 | D:8      | Reached skill level 9 in Armour
  6824 | D:8      | Noticed a two-headed ogre
  6839 | D:8      | Killed a two-headed ogre
  6933 | D:8      | Noticed Maurice
  6935 | D:8      | Noticed Grum
  6966 | D:8      | Killed Maurice
  7014 | D:8      | Killed Grum
  7041 | D:8      | Reached *** piety under Qazlal
  7429 | D:9      | Reached skill level 10 in Armour
  7480 | D:9      | Noticed a two-headed ogre
  7501 | D:9      | Killed a two-headed ogre
  7501 | D:9      | Reached skill level 10 in Maces & Flails
  7501 | D:9      | Reached XP level 11. HP: 44/59 MP: 12/17
  7568 | D:9      | Reached skill level 5 in Shields
  7662 | D:9      | Noticed Joseph
  7679 | D:9      | Killed Joseph
  7879 | D:9      | Found a sacrificial altar of Ru.
  8046 | D:10     | Entered Level 10 of the Dungeon
  8054 | D:10     | Noticed a two-headed ogre
  8078 | D:10     | Killed a two-headed ogre
  8826 | D:10     | Reached **** piety under Qazlal
  8923 | D:10     | Noticed a two-headed ogre
  8923 | D:10     | Found a staircase to the Lair.
  8941 | D:10     | Killed a two-headed ogre
  8941 | D:10     | Reached skill level 10 in Invocations
  9297 | D:10     | Noticed Josephine
  9309 | D:10     | Killed Josephine
  9309 | D:10     | Reached skill level 1 in Evocations
  9489 | Lair:1   | Entered Level 1 of the Lair of Beasts
  9585 | D:11     | Reached XP level 12. HP: 66/66 MP: 19/19
  9634 | D:11     | Noticed a two-headed ogre
  9644 | D:11     | Killed a two-headed ogre
  9666 | D:11     | Found Mohexzoq's Distillery.
  9670 | D:11     | Bought 2 potions of mutation for 176 gold pieces
 10182 | D:11     | Noticed a six-headed hydra
 10234 | D:11     | Killed a six-headed hydra
 10234 | D:11     | Reached skill level 11 in Armour
 10313 | D:11     | Noticed a soul eater
 10709 | D:12     | Found a staircase to the Orcish Mines.
 10744 | D:12     | Reached ***** piety under Qazlal
 11385 | D:12     | Noticed a two-headed ogre
 11401 | D:12     | Killed a two-headed ogre
 11822 | D:13     | Noticed Frances
 11856 | D:12     | Noticed a soul eater
 11868 | D:12     | Killed Frances
 11868 | D:12     | Reached skill level 5 in Evocations
 11868 | D:12     | Reached XP level 13. HP: 38/70 MP: 13/20
 11956 | D:13     | Reached skill level 12 in Armour
 12650 | D:13     | Found a gate to the Vaults.
 12823 | D:13     | Identified a scroll of acquirement
 13080 | D:14     | Gained mutation: You can translocate small distances at will. [mutagenic meat]
 13081 | D:14     | Gained mutation: You have an increased reservoir of magic. (+10% MP) [mutagenic meat]
 13082 | D:14     | Gained mutation: You evolve. [mutagenic meat]
 13083 | D:14     | Gained mutation: You are covered in fur. (AC +1) [mutagenic meat]
 13084 | D:14     | Gained mutation: Your muscles are strong. (Str +2) [mutagenic meat]
 13085 | D:14     | Lost mutation: You are covered in fur. (AC +1) [mutagenic meat]
 13505 | D:14     | Found a white marble altar of Elyvilon.
 13848 | D:15     | Entered Level 15 of the Dungeon
 13866 | D:15     | Reached skill level 13 in Armour
 13868 | D:15     | Gained mutation: Your large and strong wings let you fly indefinitely. [Gargoyle growth]
 13868 | D:15     | Reached XP level 14. HP: 47/76 MP: 14/23
 13892 | D:15     | Noticed Nessos
 13937 | D:15     | Killed Nessos
 14326 | D:15     | Noticed Urug
 14384 | D:15     | Killed Urug
 14671 | D:15     | Found a staircase to the Depths.
 14704 | D:15     | Reached ****** piety under Qazlal
 14758 | D:15     | Noticed Louise
 14782 | D:15     | Killed Louise
 15111 | Depths:1 | Entered Level 1 of the Depths
 15491 | Depths:1 | Reached skill level 10 in Shields
 15555 | Depths:1 | Noticed a stone giant
 15575 | Depths:1 | Killed a stone giant
 15615 | Depths:1 | Noticed a red very ugly thing
 15619 | Depths:1 | Noticed a red very ugly thing
 15831 | Lair:1   | Reached skill level 5 in Fighting
 16987 | Lair:2   | Reached XP level 15. HP: 67/82 MP: 21/25
 18599 | Lair:4   | Reached skill level 15 in Maces & Flails
 18718 | Lair:4   | Found a staircase to the Swamp.
 18743 | Lair:4   | Found a staircase to the Snake Pit.
 19344 | Swamp:1  | Entered Level 1 of the Swamp
 20178 | Lair:6   | Entered Level 6 of the Lair of Beasts
 20446 | Lair:6   | Reached skill level 10 in Evocations
 20564 | Lair:6   | Reached XP level 16. HP: 78/94 MP: 24/27
 20856 | Lair:6   | Found a viscous altar of Jiyva.
 20856 | Lair:6   | Found a staircase to the Slime Pits.
 21162 | Lair:6   | Got a crude battleaxe
 21163 | Lair:6   | Identified the cursed +3 battleaxe of Fadgh {chop, rC+ Dex+5 SInv} (You found it on level 6 of the Lair of Beasts)
 21748 | Orc:1    | Entered Level 1 of the Orcish Mines
 21913 | Orc:2    | Entered Level 2 of the Orcish Mines
 22053 | Orc:2    | Noticed Rupert
 22063 | Orc:2    | Found a roughly hewn altar of Beogh.
 22083 | Orc:2    | Killed Rupert
 22161 | Orc:2    | Gained mutation: You have a pair of small antennae on your head. [evolution]
 22218 | Orc:2    | Found a staircase to the Elven Halls.
 22347 | Orc:2    | Noticed Saint Roka
 22368 | Orc:2    | Killed Saint Roka
 22436 | Orc:2    | Found Niun's Needful Niceties.
 23187 | Orc:2    | Reached skill level 10 in Fighting
 23203 | Orc:2    | Found Unluimu's Magic Scroll Shoppe.
 23203 | Orc:2    | Found Daghuol's Antique Weapon Shoppe.
 23204 | Orc:2    | Found Kytzuguy's Magic Scroll Boutique.
 23204 | Orc:2    | Found Xebben's Assorted Antiques.
 23247 | Orc:2    | Bought a scroll of enchant weapon for 105 gold pieces
 23249 | Orc:2    | Bought a scroll of enchant weapon for 127 gold pieces
 23249 | Orc:2    | Bought a scroll of enchant armour for 127 gold pieces
 23497 | Orc:1    | Noticed Erica
 23503 | Orc:1    | Noticed Snorg
 23509 | Orc:1    | Killed Erica
 23521 | Orc:1    | Killed Snorg
 24142 | Swamp:1  | Reached skill level 14 in Armour
 24149 | Swamp:1  | Noticed a thorn hunter
 24164 | Swamp:1  | Killed a thorn hunter
 25202 | Swamp:2  | Noticed a thorn hunter
 25235 | Swamp:2  | Killed a thorn hunter
 25309 | Swamp:2  | Noticed a thorn hunter
 25345 | Swamp:2  | Killed a thorn hunter
 25699 | Swamp:2  | Got a warped pewter amulet
 25700 | Swamp:2  | Identified the amulet "Nuprel" {-Tele +Rage rPois rF++ Slay+2} (You found it on level 2 of the Swamp)
 26039 | Swamp:3  | Reached XP level 17. HP: 104/104 MP: 29/29
 26851 | Swamp:4  | Entered Level 4 of the Swamp
 26861 | Swamp:4  | Noticed Donald
 26882 | Swamp:3  | Killed Donald
 27212 | Swamp:4  | Noticed Aizul
 27222 | Swamp:3  | Reached skill level 15 in Armour
 27358 | Swamp:3  | Killed Aizul
 27843 | Swamp:4  | Noticed Roxanne
 27974 | Swamp:4  | Noticed the 27-headed Lernaean hydra
 27983 | Swamp:4  | Killed the 27-headed Lernaean hydra
 27989 | Swamp:4  | Got a decaying rune of Zot
 28672 | Vaults:1 | Entered Level 1 of the Vaults
 28893 | Vaults:1 | Reached XP level 18. HP: 98/114 MP: 29/31
 28924 | Vaults:1 | Reached skill level 15 in Invocations
 29226 | Vaults:1 | Found Zoun's Jewellery Shoppe.
 30811 | Vaults:2 | Gained mutation: You are partially covered in slimy green scales. (AC +2) [evolution]
 30849 | Vaults:1 | Reached XP level 19. HP: 57/122 MP: 25/33
 31252 | Vaults:2 | Found Cycum's Book Shop.
 31335 | Vaults:2 | Reached skill level 15 in Fighting
 31829 | Vaults:2 | Paralysed by a great orb of eyes for 3 turns
 31896 | Vaults:2 | Reached skill level 5 in Dodging
 32341 | Vaults:2 | Gained mutation: You are agile. (Dex +2) [evolution]
 32570 | Lair:1   | Learned a level 2 spell: Swiftness
 32650 | Snake:1  | Entered Level 1 of the Snake Pit
 32764 | Snake:1  | Found Zeureul's Jewellery Emporium.
 32764 | Snake:1  | Found Uremurr's Gadget Boutique.
 32765 | Snake:1  | Found Fumye's Jewellery Emporium.
 32780 | Snake:1  | Bought a fan of gales for 480 gold pieces
 33030 | Snake:1  | Noticed Kirke
 33132 | Snake:1  | Killed Kirke
 33355 | Snake:2  | Reached skill level 16 in Armour
 33524 | Snake:2  | Reached skill level 15 in Shields
 33659 | Snake:2  | Reached XP level 20. HP: 129/129 MP: 34/34
 33998 | Snake:3  | Reached skill level 1 in Spellcasting
 34707 | Snake:4  | Entered Level 4 of the Snake Pit
 34849 | Snake:4  | Noticed Vashnia
 35277 | Snake:4  | Killed Vashnia
 35425 | Snake:4  | Reached skill level 17 in Armour
 35438 | Snake:4  | Reached skill level 5 in Spellcasting
 35674 | Snake:4  | Got a serpentine rune of Zot
 35891 | Snake:4  | Found Bouppoci's General Store.
 35959 | Snake:4  | Found Lets's Magic Scroll Boutique.
 36043 | Snake:4  | Found Ettabora's Gadget Shoppe.
 36320 | Snake:4  | Found Arasevepni's Book Emporium.
 36593 | D:10     | Gained mutation: Your mind is acute. (Int +2) [evolution]
 36798 | Vaults:3 | Noticed Frederick
 36822 | Vaults:3 | Killed Frederick
 36960 | Vaults:3 | Found Texi's Assorted Antiques.
 36970 | Vaults:3 | Bought a thin sapphire amulet for 180 gold pieces
 37099 | Vaults:3 | Reached XP level 21. HP: 120/134 MP: 32/35
 37777 | Vaults:3 | Found a staircase to the Crypt.
 38343 | Vaults:4 | Reached skill level 18 in Armour
 38503 | Vaults:4 | Reached skill level 10 in Dodging
 38520 | Vaults:4 | Found a glowing silver altar of Zin.
 38948 | Vaults:4 | Found Fuih's Food Shop.
 39458 | Vaults:5 | Entered Level 5 of the Vaults
 39578 | Vaults:5 | Reached XP level 22. HP: 100/140 MP: 20/38
 39587 | Vaults:5 | Noticed Mara
 39970 | Vaults:5 | Reached skill level 19 in Armour
 40001 | Vaults:5 | Got a distressingly furry shield
 40002 | Vaults:5 | Identified the +0 shield of Beogh's Pride {rF+ Str+7} (You found it on level 5 of the Vaults)
 40051 | Vaults:5 | Reached skill level 10 in Spellcasting
 40265 | Vaults:5 | Noticed a golden dragon
 40265 | Vaults:5 | Reached skill level 1 in Charms
 40270 | Vaults:5 | Reached skill level 1 in Air Magic
 40287 | Vaults:5 | Killed a golden dragon
 40385 | Vaults:5 | HP: 1/140 [yaktaur captain/translucent short sword {pierce} (17)]
 40385 | Vaults:5 | Identified the +7 short sword of the Common Good {pierce, rPois Int+4 SInv Stlth+}
 40385 | Vaults:5 | Mangled by a yaktaur captain

Vault maps used:
D:1:      lemuel_arrival_lava_pool, feat_on_display
D:3:      fedhas_altar_1, uniq_grinder
D:4:      led_sif_book, lemuel_temple_firewalk_b, serial_shops, shop,
          shop_fountains, nicolae_shop_stone, shop, st_stairs_3, uniq_menkaure
D:5:      first_bread, gup_sewer_entry_spiral, uniq_sigmund
D:7:      grunt_livestock, kennysheep_generic_room_7, uniq_pikel
D:8:      uniq_grum, uniq_maurice
D:9:      basic_altar, uniq_joseph
D:10:     minmay_lair_entry_grove, uniq_josephine
D:11:     serial_shops, kennysheep_mini_moat
D:12:     orc_david_3, special_room
D:13:     erik_vaults_1, uniq_frances
D:14:     elyvilon_altar_5
D:15:     grunt_enter_depths_magical_seal, serial_bayou_lagoon_a, uniq_urug,
          uniq_nessos, uniq_louise
Temple:   kilobyte_greek_temple
Lair:1:   grunt_megastairs_1, infiniplex_staircase_pool, serial_bayou_shore_b,
          minmay_lair_oklob_chamber
Lair:2:   lemuel_fruit_tree
Lair:4:   swamp_mist_pool, minmay_snake_entry_guardpost_small,
          beast_lair_carwin_2
Lair:6:   gammafunk_lair_ancient_temple, slime_altar_1
Swamp:1:  hangedman_swamp_diagram, infiniplex_staircase_pool_2
Swamp:2:  cheibrodos_swamp_tower_of_moss, evilmike_swamp_ruin_house_6
Swamp:3:  serial_swamp_ruin, hangedman_swamp_ruin_wall,
          evilmike_swamp_ruin_rubble_2, hangedman_swamp_ruin_hall
Swamp:4:  grunt_swamp_rune_castle, uniq_donald, uniq_aizul, uniq_roxanne
Snake:1:  minmay_shop_grove, uniq_kirke
Snake:2:  nicolae_aizul_guard
Snake:3:  serial_bayou_shore_b
Snake:4:  johnstein_snake_rune_scales, serial_shops, shop, shop,
          nicolae_shop_behind_doors, shop_statue, serial_bayou_shore_b
Orc:1:    library_closet, uniq_snorg, uniq_erica
Orc:2:    st_orc_elflike, nicolae_alphabet_shops, mines1_david, uniq_rupert,
          uniq_saint_roka
Vaults:1: v_rooms_5, grunt_vaults_swirl, ontoclasm_vaults_ring_large,
          ontoclasm_vaults_claustrophobia, vaults_room_grunt_arrival_checkpoint,
          v_misc_25, nicolae_vaults_little_ls, dpeg_vaults_monster_box,
          vaults_dpeg_ring, vaults_room_semicircle,
          nicolae_vaults_little_squares_6, grunt_vaults_diagonal,
          hangedman_vaults_impose, nicolae_vaults_network_s, v_misc_16,
          serial_shops, nicolae_shop_competitors_out_of_business
Vaults:2: nicolae_vaults_little_squares_3, nicolae_vaults_triangles,
          hangedman_vaults_hat, ontoclasm_vaults_twist, v_misc_25,
          vaults_room_semicircle, v_pattern_1, special_room_vaults,
          serial_shops, nicolae_shop_behind_doors
Vaults:3: v_alt_pattern_6, minmay_crypt_entry_simple_sparse,
          nicolae_vaults_three_branches, v_misc_33, v_alt_pattern_2, st_check,
          v_misc_19, vaults_room_door_ring, nicolae_vaults_little_squares_4,
          vaults_room_semicircle, hangedman_vaults_nails,
          nicolae_vaults_asterisk, serial_shops,
          nicolae_shop_overgrown_old_shop, uniq_frederick
Vaults:4: v_misc_13, ontoclasm_vaults_decontamination,
          nicolae_vaults_little_squares_2, grunt_vaults_trifunnel,
          grunt_vaults_hallway_short, nicolae_vaults_rhombus_7,
          vaults_room_grid, vaults_mumra_bighexcomb,
          nicolae_vaults_specimen_jars, nicolae_vaults_asterisk,
          hangedman_vaults_capsules, vaults_dpeg_encased_lava,
          hangedman_vaults_cutoff, serial_shops, nicolae_shop_waterfront,
          basic_altar
Vaults:5: uniq_jorgrun, uniq_mara
Depths:1: minmay_misc_feat_more_columns, pan_entry,
          abyss_entry_small_statue_room, hangedman_tar_grid_catacomb,
          kennysheep_four_rooms
Sewer:    sewer_big_baddie

Skill      XL: |  1  2  3  4  5  6  7  8  9 10 11 12 13 14 15 16 17 18 19 20 21 22 |
---------------+-------------------------------------------------------------------+-----
Armour         | 1 2 3 4 5 7 8 10 11 13 14 15 16 17 18 19 | 19.4
Dodging        | 3 6 9 10 11 | 11.4
Maces & Flails | 4 5 7 8 10 11 12 13 14 15 16 | 16.0
Shields        | 2 3 4 6 8 9 10 11 13 15 | 15.1
Invocations    | 2 5 7 9 10 11 13 14 15 | 15.0
Fighting       | 4 5 8 11 13 14 15 | 15.0
Evocations     | 1 5 7 8 10 11 | 11.5
Spellcasting   | 6 9 10 | 10.5
Charms         | 2 |  2.6
Air Magic      | 2 |  2.2
Throwing       | |  1.7

Action                   |  1- 3 |  4- 6 |  7- 9 | 10-12 | 13-15 | 16-18 | 19-21 | 22-24 || total
-------------------------+-------+-------+-------+-------+-------+-------+-------+-------++-------
Melee: Flail             |    90 |   298 |   226 |       |       |       |       |       ||   614
       Whip              |       |       |   220 |  1261 |   310 |       |       |       ||  1791
       Great mace        |       |       |       |       |   326 |       |       |       ||   326
       Eveningstar       |       |       |       |       |   596 |  1348 |  1283 |   184 ||  3411
       Unarmed           |       |       |       |       |       |       |    18 |       ||    18
Invok: Upheaval          |       |       |       |     2 |     1 |     2 |     1 |       ||     6
       Elemental Force   |       |       |       |     1 |       |       |       |       ||     1
       Disaster Area     |       |       |       |       |       |       |     2 |       ||     2
 Abil: Fly               |       |       |       |       |     1 |       |       |       ||     1
Evoke: Wand              |       |       |       |     7 |    10 |    14 |     3 |     3 ||    37
       Lightning rod     |       |       |       |     4 |       |     8 |     4 |       ||    16
       Lamp of fire      |       |       |       |       |       |     4 |     3 |       ||     7
       Fan of gales      |       |       |       |       |       |       |       |     1 ||     1
  Use: Potion            |       |     4 |       |     7 |     2 |     7 |     2 |     2 ||    24
       Scroll            |       |    10 |    10 |    14 |    13 |    16 |    13 |     5 ||    81
 Stab: Confused          |       |       |       |     2 |       |       |       |       ||     2
       Invisible         |       |       |       |       |       |     2 |       |       ||     2
  Eat: Chunk             |       |     5 |     8 |     7 |    22 |     3 |     6 |     2 ||    53
       Bread ration      |       |     1 |       |     1 |       |     2 |       |       ||     4
       Meat ration       |       |       |       |     2 |     1 |     3 |     4 |       ||    10
       Royal jelly       |       |       |       |     1 |     1 |     3 |     1 |       ||     6
       Fruit             |       |       |       |     2 |     7 |     4 |       |       ||    13
Armor: Scale mail        |    49 |   191 |   125 |       |       |       |       |       ||   365
       Leather armour    |     4 |       |       |       |       |       |       |       ||     4
       Plate armour      |       |       |   106 |       |       |   764 |   628 |   120 ||  1618
       Chain mail        |       |       |       |   569 |   869 |    83 |       |       ||  1521
       Skin              |       |       |       |       |    16 |       |       |       ||    16
Dodge: Dodged            |    59 |   159 |   170 |   370 |   409 |   386 |   467 |   100 ||  2120
       Deflected         |       |       |       |    10 |    30 |    18 |    66 |     2 ||   126
Block: Buckler           |       |    47 |   151 |   552 |   566 |   436 |       |       ||  1752
       Other             |       |       |       |       |   143 |       |     4 |       ||   147
       Shield            |       |       |       |       |       |   927 |  1770 |   235 ||  2932
       Reflection        |       |       |       |       |       |    43 |   188 |     8 ||   239
